 Dungeon Crawl Stone Soup version 0.30.1-4-g462c640d31 (webtiles) character file.

Game seed: 58249330120321430

65 mihai the Conjurer (level 3, 0/19 HPs)
             Began as a Deep Elf Conjurer on Aug 11, 2023.
             Succumbed to a scorpion's poison
             ... on level 3 of the Dungeon.
             The game lasted 00:07:46 (2082 turns).

mihai the Conjurer (Deep Elf Conjurer)              Turns: 2082, Time: 00:07:51

Health: 0/19       AC:  2    Str:  4    XL:     3   Next: 92%
Magic:  8/9        EV: 12    Int: 24    God:
Gold:   103        SH:  0    Dex: 13    Spells: 5/8 levels left

rFire   . . .        (no weapon)
rCold   . . .        (no shield)
rNeg    . . .        a - +0 robe
rPois   .            (no helmet)
rElec   .            (no cloak)
rCorr   .            (no gloves)
SInv    .            (no boots)
Will    .....        (no amulet)
Stlth   ++           (no ring)
HPRegen 0.23/turn    (no ring)
MPRegen 0.11/turn

%: no passive effects
@: lethally poisoned (0 -> -4), very slightly contaminated
A: no striking features
a: no special abilities


You were on level 3 of the Dungeon.
You visited 1 branch of the dungeon, and saw 3 of its levels.

You collected 103 gold pieces.

Inventory:

Missiles
 f - a throwing net
Armour
 a - a +0 robe (worn)
Scrolls
 c - a scroll of teleportation {unknown}
 d - a scroll of enchant weapon {unknown}
 h - a scroll of poison {unknown}
 i - a scroll of amnesia {unknown}
 k - a scroll of identify {unknown}
Potions
 e - a potion of brilliance {unknown}
 g - 2 potions of curing {unknown}
 j - 2 potions of might {unknown}


   Skills:
 + Level 0.4 Staves
 + Level 0.4 Armour
 + Level 2.9 Dodging
 + Level 2.6 Stealth
 + Level 3.3 Spellcasting
 + Level 4.5 Conjurations
 + Level 1.0 Hexes
 + Level 1.7 Translocations
 + Level 1.5 Evocations


You had 5 spell levels left.
You knew the following spells:

 Your Spells              Type           Power      Damage    Failure   Level
a - Magic Dart            Conj           100%       1d8       1%          1
b - Searing Ray           Conj           50%        2d6       2%          2

Your spell library contained the following spells:

 Spells                   Type           Power      Damage    Failure   Level
 Static Discharge         Conj/Air       28%        2-4/arc   6%          2
 Dazzling Flash           Conj/Hex       34%        N/A       10%         3
 Volatile Blastmotes      Fire/Tloc      16%        2d11      22%         3
 Iskenderun's Mystic Bla  Conj/Tloc      19%        2d6       28%         4
 Fulminant Prism          Conj/Hex       8%         3d7       32%         4
 Airstrike                Air            1%         2d(1-17)  71%         4
 Summon Lightning Spire   Summ/Air       3%         N/A       71%         4
 Starburst                Conj/Fire      7%         6d4       99%         6


Dungeon Overview and Level Annotations

Branches:
Dungeon (3/15)

Altars:


Message History

Press: ? - help, Q - select action, (/) - cycle Shift-Dir - straight line, f/p - scorpion
Aim: a scorpion (severely wounded, 100% to hit)
The magic dart hits the scorpion but does no damage.
The scorpion is severely wounded.
The scorpion barely misses you.
Aiming: Magic Dart (safe; 1% risk of failure)
Press: ? - help, Q - select action, (/) - cycle Shift-Dir - straight line, f/p - scorpion
Aim: a scorpion (severely wounded, 100% to hit)
The magic dart hits the scorpion.
The scorpion is severely wounded.
The scorpion stings you.
* * * LOW HITPOINT WARNING * * *
Aiming: Magic Dart (safe; 1% risk of failure)
Press: ? - help, Q - select action, (/) - cycle Shift-Dir - straight line, f/p - scorpion
Aim: a scorpion (severely wounded, 100% to hit)
The magic dart hits the scorpion.
The scorpion is almost dead.
The scorpion stings you.
* * * LOW HITPOINT WARNING * * *
You are lethally poisoned!
The scorpion poisons you!
The scorpion stings you but does no damage.
Aiming: Magic Dart (safe; 1% risk of failure)
Press: ? - help, Q - select action, (/) - cycle Shift-Dir - straight line, f/p - scorpion
Aim: a scorpion (almost dead, 100% to hit)
You miscast Magic Dart.
You are very lightly contaminated with residual magic.
Nothing appears to happen.
* * * LOW HITPOINT WARNING * * *
You feel sick. The scorpion barely misses you. Magic courses through your body.
* * * LOW HITPOINT WARNING * * *
You feel sick.
The scorpion stings you but does no damage.
Aiming: Magic Dart (safe; 1% risk of failure)
Press: ? - help, Q - select action, (/) - cycle Shift-Dir - straight line, f/p - scorpion
Aim: a scorpion (almost dead, 100% to hit)
The magic dart hits the scorpion.
The scorpion is almost dead.
You die...

##### # † #<..#.#
.. ###.#.# #..
#..... # #...
#####.#.##...
#....##..........##
........@s.........
####.##.#####.#..##
#.# .# .# #.# # #.#
#.# #.# #.#
######.#


You could see a scorpion.

Vanquished Creatures
  Jessica (D:2)
  3 dart slugs
  3 endoplasms
  2 giant cockroaches
  3 goblins
  4 hobgoblins
  4 kobolds
  3 ball pythons (D:1)
  3 bats
  7 rats
33 creatures vanquished.

Notes
Turn   | Place    | Note
-------+----------+-------------------------------------------
     0 | D:1      | mihai the Deep Elf Conjurer began the quest for the Orb.
     0 | D:1      | Reached XP level 1. HP: 10/10 MP: 6/6
   172 | D:1      | Found a faded altar of an unknown god.
   286 | D:1      | Reached skill level 1 in Evocations
   368 | D:1      | Reached skill level 1 in Translocations
   368 | D:1      | Reached XP level 2. HP: 15/15 MP: 4/8
   903 | D:1      | Learned a level 2 spell: Searing Ray
  1063 | D:2      | Reached XP level 3. HP: 19/19 MP: 3/9
  1581 | D:2      | Noticed Jessica
  1585 | D:2      | Killed Jessica
  1586 | D:2      | Reached skill level 1 in Hexes
  2066 | D:3      | Noticed a scorpion
  2082 | D:3      | Succumbed to a scorpion's poison

Illustrated notes

Levels and vault maps discovered:
D:1:      dpeg_arrival_simpleton_b, layout_loops_ring,
          shapermc_ecumenical_altar_petra, minivault_14, minmay_pentomino_q4
D:2:      layout_basic, minmay_between, uniq_jessica
D:3:      layout_basic, glass_columns_a

Skill      XL: |  1  2  3 |
---------------+----------+-----
Evocations     | 1 |  1.5
Translocations | 1 |  1.7
Hexes          | 1 |  1.0
Staves         | |  0.4
Armour         | |  0.4
Dodging        | |  2.9
Stealth        | |  2.6
Spellcasting   | |  3.3
Conjurations   | |  4.5

Action                     || total
---------------------------++-------
  Melee: Unarmed           ||     7
         Punch             ||     1
   Cast: Magic Dart        ||    63
    Use: Potion            ||     1
 Armour: Robe              ||     5
  Dodge: Dodged            ||    16
